cohdb
Replays
Latest Replays
All Replays
Popular Replays
Top Player Replays
Match Explorer
How It Works
Community
CoH3 Stats
Reddit
Sign in to upload your games and track your stats! →
Sign in with Steam
Match 46224701
Unlisted
Match 46224701
Overview
Messages
Build Orders
End
Panzergrenadier Squad
Selects Battlefield Espionage Battlegroup
250 Light Carrier
Panzerpioneer Squad
Construct Light Support Kompanie
Combat Half-tracks
MG34 Team
Fire Support Elements
2.5-tonne Medical Truck
Pak 38 Mechanized Group
Flakvierling Half-track
Vehicle Survival Package
Panzergrenadier Squad
Selects 250/3 Funkpanzerwagen
Selects Sector Subterfuge Beacon
Veteran Squad Leaders
Anakin Jared
[TB] Pvt. Mike
Bobr
PayPerPaper
0
0
Comments
sign in to comment!
No comments posted yet!